AoeStats
← 2035007090

African Clearing

504431468Analyzed
4v4 RM · 28d ago on Sep 5, 2026· 42m 22s· 8 players
Game mode
Random Map
Map size
Large (8 player)
Population
200
Speed
Normal
Resources
Standard
Victory
Conquest
Starting age
Dark Age
Ending age
Imperial Age
RankedLock teamsTeams togetherTeam positionsShared explorationLock speedFull tech treeHidden civsTurbo modeCheats
Victory
Defeat
🇨🇳 Chinese · China
1538
+12
🇨🇳 Mongols · China
1452
+15
🇨🇳 Persians · China
1438
+16
🇨🇳 Huns · China
1399
+17
🇹🇷 Bulgarians · Türkiye
1531
-19
🇨🇳 Burgundians · China
1462
-16
🇭🇰 Vietnamese · Hong Kong SAR China
1384
-13
🇨🇳 Maya · China
1363
-12
虎!虎!虎!
13:06 Feudal Age
14:20 Double-Bit Axe
16:37 Castle Age
15:18 Double-Bit Axe
19:14 Wheelbarrow
18:25 Loom
18:25 Horse Collar
23:43 Town Watch
24:47 Hand Cart
24:53 Bow Saw
24:58 Heavy Plow
26:39 Gold Mining
26:43 Fishing Lines
26:59 Fletching
32:45 Imperial Age
32:02 Scale Barding Armor
32:45 Gold Shaft Mining
32:27 Husbandry
32:37 Bloodlines
32:42 Forging
33:24 Chain Barding Armor
32:33 Cavalier
34:21 Iron Casting
34:55 Plate Barding Armor
34:30 Cavalier
37:08 Savar
39:54 Coinage
40:27 Blast Furnace
41:55 Stone Mining
41:34 Light Cavalry
huangtmc
13:49 Feudal Age
14:08 Loom
15:06 Double-Bit Axe
18:34 Castle Age
17:52 Wheelbarrow
17:03 Town Watch
17:50 Horse Collar
18:10 Gold Mining
20:29 Bow Saw
24:53 Ballistics
25:33 Fletching
27:06 Padded Archer Armor
27:49 Bodkin Arrow
28:40 Thumb Ring
30:34 Leather Archer Armor
37:30 Imperial Age
35:16 Hand Cart
37:06 Gold Shaft Mining
38:08 Heavy Plow
38:39 Parthian Tactics
37:36 Heavy Cavalry Archer
38:30 Bloodlines
38:21 Husbandry
39:24 Chemistry
38:54 Conscription
39:18 Bracer
41:28 Scale Barding Armor
41:34 Forging
neutron_star
3:24 Loom
12:36 Feudal Age
14:42 Town Watch
15:37 Double-Bit Axe
16:11 Fletching
41:49 Horse Collar
2035007090
3:19 Loom
13:32 Feudal Age
15:08 Horse Collar
15:15 Double-Bit Axe
17:31 Castle Age
17:12 Town Watch
18:24 Loom
21:30 Fletching
22:47 Padded Archer Armor
24:03 Wheelbarrow
23:40 Bodkin Arrow
25:18 Bow Saw
26:35 Ballistics
32:15 Bloodlines
32:24 Gold Mining
32:24 Stone Mining
32:52 Husbandry
34:11 Light Cavalry
37:25 Hand Cart
38:36 Heavy Plow
41:41 Imperial Age
42:38 Gold Shaft Mining
42:50 Stone Shaft Mining
41:49 Elite Mangudai
42:31 Bracer
43:32 Chemistry
43:14 Conscription
43:16 Leather Archer Armor
43:27 Parthian Tactics
Allison
3:48 Loom
12:43 Feudal Age
13:15 Double-Bit Axe
14:00 Fletching
15:31 Town Watch
30:27 Castle Age
29:00 Stone Mining
29:00 Gold Mining
31:27 Bow Saw
32:17 Wheelbarrow
31:47 Bodkin Arrow
32:52 Town Patrol
34:04 Ballistics
34:08 Horse Collar
35:23 Hand Cart
35:47 Masonry
35:57 Scale Barding Armor
40:37 Stone Shaft Mining
_LX_
6:01 Loom
13:56 Feudal Age
17:45 Castle Age
15:48 Double-Bit Axe
15:46 Horse Collar
20:07 Fletching
27:20 Bodkin Arrow
30:18 Wheelbarrow
31:14 Padded Archer Armor
33:22 Ballistics
34:29 Hand Cart
36:04 Scale Mail Armor
36:14 Forging
36:50 Heavy Plow
37:14 Chain Mail Armor
36:41 Pikeman
37:41 Squires
39:02 Iron Casting
43:03 Imperial Age
41:26 Town Watch
小鸡
10:47 Double-Bit Axe
11:22 Loom
14:46 Feudal Age
13:35 Fishing Lines
13:42 Fishing Lines
16:31 Town Watch
21:06 Castle Age
20:12 Scale Barding Armor
20:32 Gold Mining
22:36 Chain Barding Armor
22:24 Gillnets
24:07 Wheelbarrow
24:47 Gold Shaft Mining
29:08 Forging
29:46 Hand Cart
30:13 Gold Shaft Mining
32:26 Husbandry
36:59 Imperial Age
38:25 Iron Casting
38:36 Plate Barding Armor
38:30 Conscription
40:01 Horse Collar
41:08 Iron Casting
42:01 Elite Coustillier
拿捏木村
4:30 Loom
15:24 Feudal Age
19:05 Castle Age
17:38 Double-Bit Axe
18:29 Gold Mining
18:35 Fletching
19:40 Bodkin Arrow
19:57 Bow Saw
19:45 Horse Collar
20:08 Padded Archer Armor
22:20 Ballistics
23:13 Wheelbarrow
24:00 Leather Archer Armor
25:22 Husbandry
Connection lost

Rejoining the realm…

Still unreachable

The connection could not be restored.

Session expired

The server has moved on; the page needs a fresh start.